 Dungeon Crawl Stone Soup version 0.29.1-1-gd02db6906a (webtiles) character file.

Game seed: 3553331982001171373

292 RascalDebosk the Chiller (level 6, 0/41 HPs)
             Began as a Merfolk Ice Elementalist on Sept 25, 2022.
             Succumbed to a scorpion's poison
             ... on level 4 of the Dungeon.
             The game lasted 00:29:46 (4521 turns).

RascalDebosk the Chiller (Merfolk Ice Elementalist) Turns: 4521, Time: 00:29:47

Health: 0/41       AC:  4    Str:  8    XL:     6   Next: 33%
Magic:  6/10       EV: 13    Int: 16    God:
Gold:   168        SH:  0    Dex: 15    Spells: 4/11 levels left

rFire   + . .      SeeInvis .   z - +2 hand axe (vorpal)
rCold   + . .      Faith    .   (no shield)
rNeg    + . .      Spirit   .   a - +0 robe
rPois   +          Reflect  .   n - +0 helmet
rElec   +          Harm     .   (no cloak)
rCorr   +          Rampage  .   (no gloves)
Will    +....                   q - +0 pair of boots
Stlth   +++.......              (no amulet)
HPRegen 0.13/turn               d - ring of willpower
MPRegen 0.12/turn               e - ring of positive energy

@: lethally poisoned (0 -> -16), resistant, attractive
A: (nimble swimmer 2), mertail
a: no special abilities


You were on level 4 of the Dungeon.
You visited 1 branch of the dungeon, and saw 4 of its levels.

You collected 168 gold pieces.

Inventory:

Hand Weapons
 x - a +0 long sword
 z - a +2 vorpal hand axe (weapon)
Armour
 a - a +0 robe (worn)
 n - a +0 helmet (worn)
 q - a +0 pair of boots (worn)
Magical Staves
 f - a staff of death
 o - a staff of poison
Jewellery
 d - a ring of willpower (left hand)
 e - a ring of positive energy (right hand)
 i - a ring of resist corrosion
 s - a +6 ring of strength
Scrolls
 c - 3 scrolls of teleportation {unknown}
 g - a scroll of noise {unknown}
 m - a scroll of vulnerability {unknown}
 p - a scroll of identify {unknown}
 u - a scroll of fear {unknown}
 v - a scroll of torment {unknown}
 w - a scroll of magic mapping {unknown}
 y - a scroll of blinking {unknown}
Potions
 b - 2 potions of magic
 k - a potion of invisibility {unknown}
 l - a potion of cancellation {unknown}
 r - a potion of heal wounds
 t - a potion of lignification {unknown}


   Skills:
 + Level 4.2 Dodging
 + Level 3.7 Stealth
 + Level 3.0 Spellcasting
 + Level 1.8 Conjurations
 + Level 5.1 Ice Magic
 + Level 2.4 Invocations


You had 4 spell levels left.
You knew the following spells:

 Your Spells              Type           Power      Damage    Failure   Level
a - Freeze                Ice            72%        1d9       2%          1
b - Frozen Ramparts       Ice            36%        1d6       7%          3
c - Ozocubu's Armour      Ice            18%        N/A       7%          3

Your spell library contained the following spells:

 Spells                   Type           Power      Damage    Failure   Level
 Hailstorm                Conj/Ice       13%        3d5       41%         4
 Cause Fear               Hex            1%         N/A       88%         4
 Dragon Form              Tmut           1%         N/A       100%        7
 Dragon's Call            Summ           1%         N/A       100%        9


Dungeon Overview and Level Annotations

Branches:
Dungeon (4/15)
 Temple: D:4-7

Altars:


Innate Abilities, Weirdness & Mutations

((You are very nimble when in or above water. (Stealth+, EV+, Speed+++)))
Your lower body shifts to a powerful aquatic tail in water.


Message History

Okay, then.
Casting: Freeze (safe; 2% risk of failure)
Confirm with . or Enter, or press ? or * to list all spells.
Casting: Frozen Ramparts (dangerous; 7% risk of failure)
Press: ? - help, Dir - look around, f - activate The walls around you are covered in ice.
The wall freezes the orc.
The wall freezes the orc!
You kill the orc!
The frozen ramparts melt away as you move.
You now have 168 gold pieces (gained 19).
You see here a +2 vorpal hand axe.
z - a +2 vorpal hand axe
z - a +2 vorpal hand axe (weapon)
A scorpion comes into view.
A scorpion is nearby!
A giant cockroach comes into view.
Found a scroll labelled MIASMICROY.
Casting: Frozen Ramparts (dangerous; 7% risk of failure)
Confirm with . or Enter, or press ? or * to list all spells.
Casting: Frozen Ramparts (dangerous; 7% risk of failure)
Press: ? - help, Dir - look around, f - activate The walls around you are covered in ice.
The wall freezes the scorpion.
You closely miss the scorpion.
The scorpion is lightly wounded.
The wall freezes the scorpion but does no damage.
The scorpion stings you.
You are poisoned.
The scorpion poisons you!
The wall freezes the scorpion.
The scorpion stings you.
You are more poisoned.
The scorpion poisons you!
The wall freezes the giant cockroach.
The giant cockroach waves its antennae.
You hit the scorpion but do no damage.
The scorpion is lightly wounded.
You feel extremely sick.
The wall freezes the scorpion.
The scorpion stings you but does no damage.
You hit the scorpion but do no damage.
The scorpion is heavily wounded.
You hit the giant cockroach.
You kill the giant cockroach!
You feel very sick.
The wall freezes the scorpion.
The scorpion misses you.
The wall freezes the scorpion but does no damage.
The scorpion stings you but does no damage.
You closely miss the scorpion.
The scorpion is severely wounded.
You feel very sick.
The wall freezes the scorpion but does no damage.
The scorpion barely misses you.
You barely miss the scorpion.
The scorpion is severely wounded.
You feel very sick.
The wall freezes the scorpion.
The scorpion stings you.
* * * LOW HITPOINT WARNING * * *
You are lethally poisoned!
The scorpion poisons you!
The wall freezes the scorpion but does no damage.
The scorpion stings you.
* * * LOW HITPOINT WARNING * * *
You closely miss the scorpion.
The scorpion is severely wounded.
The frozen ramparts melt away.
* * * LOW HITPOINT WARNING * * *
You feel very sick. The scorpion stings you.
* * * LOW HITPOINT WARNING * * *
You are more poisoned.
The scorpion poisons you! The scorpion barely misses you.
It was a potion of heal wounds.
You feel much better.
You feel very sick. The scorpion stings you.
Aiming: Freeze (safe; 2% risk of failure)
Press: ? - help, Q - select action, (/) - cycle Shift-Dir - straight line, f - scorpion
Aim: a scorpion (severely wounded)
You freeze the scorpion.
The scorpion is almost dead.
* * * LOW HITPOINT WARNING * * *
You feel very sick. The scorpion stings you.
* * * LOW HITPOINT WARNING * * *
You are more poisoned.
The scorpion poisons you!
Aiming: Freeze (safe; 2% risk of failure)
Press: ? - help, Q - select action, (/) - cycle Shift-Dir - straight line, f/p - scorpion
Aim: a scorpion (almost dead)
You freeze the scorpion!
You kill the scorpion!
* * * LOW HITPOINT WARNING * * *
You feel very sick.
Your Spellcasting skill increases to level 3!
It was a potion of attraction.
You feel attractive to monsters.
* * * LOW HITPOINT WARNING * * *
You feel very sick.
It was a potion of resistance.
You feel protected.
You die...

....#.#...........##.#
#.....#.########.##
.#..
.....<#.#.......###
##..
......#.#.#####.#.?
#.#
###.#.#.#.#####.#.##.#
....#.#.#.......#.#..#
###.#.#.#######.#....#
#.#.#...........#....#
..#.#.#.#######.@†...#
#.#.#.#.# #......#
#.#.###.# #...####
#.#.# #.# ####...#
#.#.###.# ##....#.#
#.#.....###...###.#
.........#..#.# .#
######.....##.# .#
.........####.# .#


There were no monsters in sight!

Vanquished Creatures
  A scorpion (D:4)
  A crimson imp (D:3)
  Jessica (D:3)
  Natasha (thrice) (D:2)
  3 adders
  2 dart slugs
  3 worms
  2 orcs
  7 ball pythons
  5 endoplasms
  11 giant cockroaches
  4 goblins
  4 hobgoblins
  5 kobolds
  A quokka (D:1)
  6 bats
  2 frilled lizards (D:1)
  5 rats
66 creatures vanquished.

Notes
Turn   | Place    | Note
-------+----------+-------------------------------------------
     0 | D:1      | RascalDebosk the Merfolk Ice Elementalist began the quest
                  | for the Orb.
     0 | D:1      | Reached XP level 1. HP: 13/13 MP: 3/3
   209 | D:1      | Reached XP level 2. HP: 19/19 MP: 3/5
   945 | D:2      | Found a faded altar of an unknown god.
  1007 | D:2      | Reached skill level 1 in Invocations
  1020 | D:2      | Identified the +1 leather armour of Gofos {rC+}
  1231 | D:2      | Reached XP level 3. HP: 20/24 MP: 2/6
  1276 | D:2      | Noticed Natasha
  1282 | D:2      | Killed Natasha
  1283 | D:2      | Reached skill level 1 in Conjurations
  1501 | D:2      | Noticed Natasha
  1509 | D:2      | Killed Natasha
  1510 | D:2      | Reached XP level 4. HP: 30/30 MP: 2/7
  1514 | D:2      | Learned a level 3 spell: Frozen Ramparts
  1518 | D:2      | Learned a level 3 spell: Ozocubu's Armour
  1563 | D:2      | Noticed Natasha
  1569 | D:2      | Killed Natasha
  1741 | D:2      | You fall into a shaft and drop 1 floor!
  2231 | D:3      | Reached XP level 5. HP: 29/35 MP: 1/8
  4116 | D:3      | Noticed Jessica
  4119 | D:3      | Killed Jessica
  4120 | D:3      | Reached skill level 5 in Ice Magic
  4277 | D:4      | Reached XP level 6. HP: 41/41 MP: 3/10
  4516 | D:4      | HP: 2/41 [scorpion (4)]
  4521 | D:4      | Succumbed to a scorpion's poison

Illustrated notes

Levels and vault maps discovered:
D:1:      eino_arrival_druids_welcome, layout_loops_ring
D:2:      layout_basic, nicolae_ecumenical_pavilion, serial_co_window_serial,
          co_window_paths_b, co_window_paths_b, co_window_of_opportunity_a,
          co_window_paths_a, co_window_corner_a, co_window_paths_b,
          co_window_cross_1, co_window_broadway_c, co_window_2corner,
          co_window_cross_3, co_window_sun, co_window_4corner_a,
          chequers_serial_rivers_micro_b, uniq_natasha
D:3:      minmay_roachtagon, layout_basic, uniq_jessica
D:4:      layout_basic, nicolae_overflow_hallway_of_the_gods, serial_shops,
          shop, minmay_cut_off, uniq_crazy_yiuf_cottage

Skill      XL: |  1  2  3  4  5  6 |
---------------+-------------------+-----
Dodging        | 3 4 |  4.2
Invocations    | 1 2 |  2.4
Conjurations   | 1 |  1.8
Stealth        | 3 |  3.7
Ice Magic      | 5 |  5.1
Spellcasting   | 3 |  3.0

Action                   |  1- 3 |  4- 6 || total
-------------------------+-------+-------++-------
Melee: Unarmed           |    17 |     9 ||    26
       Tailslap          |     3 |       ||     3
       Hand axe          |       |     6 ||     6
 Cast: Freeze            |    42 |    46 ||    88
       Frozen Ramparts   |       |    18 ||    18
       Ozocubu's Armour  |       |     1 ||     1
Evoke: Wand              |       |     1 ||     1
  Use: Potion            |       |     4 ||     4
Armor: Robe              |    13 |     9 ||    22
Dodge: Dodged            |    41 |    27 ||    68
